 Dungeon Crawl Stone Soup version 0.31.0-32-g396128a36d (webtiles) character file.

Game seed: 13949913421379520805

10675 imdaedric the Thaumaturge (level 11, -8/54 HPs)
             Began as a Deep Elf Conjurer on Apr 9, 2024.
             Was a Believer of Vehumet.
             Mangled by a death yak (10 damage)
             ... on level 9 of the Dungeon.
             The game lasted 00:38:26 (14019 turns).

imdaedric the Thaumaturge (Deep Elf Conjurer)      Turns: 14019, Time: 00:38:27

Health: -8/54      AC:  4    Str:  4    XL:     11   Next: 39%
Magic:  28/28      EV: 15    Int: 28    God:    Vehumet [**....]
Gold:   418        SH:  0    Dex: 13    Spells: 19/32 levels left

rFire   . . .        D - +2 dagger (flame)
rCold   . . .        (no shield)
rNeg    . . .        a - +0 robe
rPois   .            c - +0 helmet
rElec   .            h - +0 cloak
rCorr   +            (no gloves)
SInv    .            (no boots)
Will    ++...        (no amulet)
Stlth   ++++         x - ring of resist corrosion
HPRegen 0.29/turn    k - ring of willpower
MPRegen 0.21/turn

%: no passive effects
@: no status effects
A: no striking features
a: Renounce Religion


You were on level 9 of the Dungeon.
You worshipped Vehumet.
Vehumet was pleased with you.
You visited 2 branches of the dungeon, and saw 10 of its levels.

You collected 418 gold pieces.

Inventory:

Hand Weapons
 z - a +4 quarterstaff of chaos
 D - a +2 dagger of flaming (weapon)
Missiles
 C - a throwing net
Armour
 a - a +0 robe (worn)
 c - a +0 helmet (worn)
 h - a +0 cloak (worn)
Jewellery
 k - a ring of willpower (right hand)
 x - a ring of resist corrosion (left hand)
Wands
 d - a wand of light (5)
 u - a wand of roots (23)
 y - a wand of paralysis (17)
 B - a wand of polymorph (10)
Scrolls
 e - a scroll of brand weapon {unknown}
 g - a scroll of poison {unknown}
 j - a scroll of fog {unknown}
 p - 2 scrolls of enchant armour
 r - a scroll of acquirement {unknown}
 s - a scroll of revelation {unknown}
 w - a scroll of torment {unknown}
 A - a scroll of fear
Potions
 b - 2 potions of degeneration {unknown}
 i - 3 potions of berserk rage
 l - a potion of curing {unknown}
 m - a potion of enlightenment {unknown}
 n - a potion of heal wounds {unknown}
 o - 2 potions of invisibility
 q - a potion of mutation {unknown}
 t - a potion of cancellation {unknown}
 v - 3 potions of brilliance {unknown}
Miscellaneous
 E - a phantom mirror


   Skills:
 + Level 7.2 Dodging
 + Level 7.8 Stealth
 * Level 11.1 Spellcasting
 * Level 10.0 Conjurations
 * Level 8.8 Translocations
 * Level 8.9 Alchemy


You had 19 spell levels left.
You knew the following spells:

 Your Spells              Type           Power      Damage    Failure   Level
a - Magic Dart            Conj           100%       1d8       1%          1
q - Mercury Vapours       Alch/Air       80%        N/A       1%          2
s - Fulminant Prism       Conj/Alch      31%        3d15      1%          4
x - Iskenderun's Mystic   Conj/Tloc      62%        2d13      1%          4
z - Searing Ray           Conj           100%       2d8       1%          2

Your spell library contained the following spells:

 Spells                   Type           Power      Damage    Failure   Level
 Dazzling Flash           Conj/Hex       86%        N/A       1%          3
 Volatile Blastmotes      Fire/Tloc      80%        2d16      1%          3
 Flame Wave               Conj/Fire      43%        2d11      4%          4
 Sticky Flame             Fire/Alch      40%        2d8       6%          4
 Inner Flame              Hex/Fire       15%        N/A       11%         3
 Starburst                Conj/Fire      21%        6d7       56%         6
 Maxwell's Capacitive Co  Air            7%         ∞         100%        8


Dungeon Overview and Level Annotations

Branches:
Dungeon (9/15)             Temple (1/1) D:6
   Lair: D:8-11         Orc: D:9-12

Altars:
Ashenzari
Cheibriados
Dithmenos
Elyvilon
Fedhas
Gozag
Hepliaklqana
Kikubaaqudgha
Makhleb
Nemelex Xobeh
Okawaru
Qazlal
Ru
Trog
Uskayaw
Vehumet
Wu Jian
Xom
Yredelemnul
Zin
The Shining One

Shops:
D:3 (!(


Message History

The death yak slams into the rock wall!
The death yak is heavily wounded.
Casting: Iskenderun's Mystic Blast (dangerous; 1% risk of failure)
Confirm with . or Enter, or press ? or * to list all spells.
You erupt in a blast of force!
The mystic blast hits the death yak!
The death yak is severely wounded.
The death yak is knocked back by the mystic blast.
The death yak slams into the rock wall!
The death yak is severely wounded.
Casting: Iskenderun's Mystic Blast (dangerous; 1% risk of failure)
Confirm with . or Enter, or press ? or * to list all spells.
You erupt in a blast of force!
The mystic blast hits the death yak.
The death yak is severely wounded.
The death yak is knocked back by the mystic blast.
The death yak slams into the rock wall!
The death yak is almost dead.
The death yak attacks as it pursues you!
The death yak misses you.
The death yak attacks as it pursues you!
The death yak barely misses you.
There is a stone staircase leading up here.
The death yak gores you!
You climb upwards.
There is a stone staircase leading down here.
As you read the scroll of teleportation, it crumbles to dust.
You feel strangely unstable. The death yak gores you!!
Your surroundings suddenly seem different.
You start resting.
HP restored.
You start resting.
Magic restored.
Done exploring.
There is a stone staircase leading down, spattered with blood here.
You climb downwards.
The death yak gores you!!
Ouch! That really hurt!
The death yak snorts and paws the ground.
The death yak gores you! x2
* * * LOW HITPOINT WARNING * * *
The death yak gores you!
You die...

###..####.# #.##.##Y####.#
#.......# #....†.......#
#...##### ####.######### #...#
##.########### #...#
#...#........# ###...#####
#Y.#.#.......# ..........###
#.#)###......#
............####YY## ##.....#
..........#.##.Y@#.###.######
###...#####.##.####.#.(# #####
#...# #.##.# ###...# #...####
#...# #(##.# #.....# #.8....#
#...# #)##.###.#.#####....8..
##.## #...<.)....####........
##.# #.(....#.#............. #
#..# #.##.....#.#...........
###.#######.####.....#...........


You could see 4 death yaks.

Vanquished Creatures
  2 two-headed ogres (D:9)
  2 death yaks (D:9)
  Amaemon (D:8)
  Pikel (D:7)
  An orange demon (D:8)
  4 kobold demonologists (D:9)
  A hornet (D:7)
  Grinder (D:3)
  A shadow (D:9)
  A wyvern (D:9)
  7 yaks
  4 water moccasins
  An orc warrior (D:8)
  2 ice beasts (D:5)
  A sky beast (D:7)
  A black bear (D:6)
  2 boggarts (D:9)
  An ogre (D:7)
  A centaur (D:5)
  A phantom (D:3)
  Blork the orc (D:5)
  6 kobold brigands
  A gnoll sergeant (D:9)
  2 bullfrogs
  A scorpion (D:5)
  14 wights
  12 killer bees
  2 howler monkeys
  3 bombardier beetles
  2 hounds (D:4)
  5 orc priests
  A jelly (D:5)
  A gnoll bouda (D:7)
  Crazy Yiuf (D:6)
  5 iguanas
  3 sleepcaps
  6 orc wizards
  11 gnolls
  8 adders
  2 ufetubi
  3 dart slugs
  4 ribbon worms
  26 orcs
  4 ball pythons
  A bat (D:2)
  3 endoplasms
  4 giant cockroaches (D:2)
  7 hobgoblins
  29 kobolds
  5 quokkas
  2 frilled lizards (D:1)
  10 goblins
  8 rats
  A fulminant prism (D:9)
230 creatures vanquished.

Vanquished Creatures (others)
  87 fulminant prisms
87 creatures vanquished.

Grand Total: 317 creatures vanquished

Notes
Turn   | Place    | Note
-------+----------+-------------------------------------------
     0 | D:1      | imdaedric the Deep Elf Conjurer began the quest for the
                  | Orb.
     0 | D:1      | Reached XP level 1. HP: 10/10 MP: 6/6
   385 | D:1      | Reached XP level 2. HP: 15/15 MP: 5/8
   388 | D:1      | Learned a level 2 spell: Searing Ray
  1115 | D:2      | Reached skill level 1 in Alchemy
  1157 | D:2      | Reached skill level 1 in Translocations
  1434 | D:2      | Reached XP level 3. HP: 19/19 MP: 6/9
  2057 | D:3      | Reached XP level 4. HP: 24/24 MP: 6/11
  2134 | D:3      | Reached skill level 4 in Spellcasting
  2273 | D:3      | Noticed a phantom
  2277 | D:3      | Killed a phantom
  2278 | D:3      | Reached skill level 5 in Conjurations
  2278 | D:3      | Reached XP level 5. HP: 28/28 MP: 7/13
  2346 | D:3      | Found Orchufaa's Weapon Shop.
  2507 | D:3      | Found Orysk's Distillery.
  2648 | D:3      | Noticed Grinder
  2655 | D:3      | Killed Grinder
  2656 | D:3      | Reached XP level 6. HP: 25/32 MP: 5/15
  2779 | D:3      | Found Mikh's Antique Weapon Shop.
  2834 | D:3      | Reached skill level 5 in Spellcasting
  3004 | D:3      | Learned a level 4 spell: Fulminant Prism
  3009 | D:3      | Learned a level 4 spell: Iskenderun's Mystic Blast
  3475 | D:4      | Found a snail-covered altar of Cheibriados.
  3970 | D:4      | Reached XP level 7. HP: 36/36 MP: 11/17
  4317 | D:5      | Entered Level 5 of the Dungeon
  4483 | D:5      | Found a blossoming altar of Fedhas.
  4840 | D:5      | Found a hazy altar of Hepliaklqana.
  4907 | D:5      | Noticed Blork the orc
  5165 | D:5      | Killed Blork the orc
  5314 | D:5      | Reached skill level 6 in Spellcasting
  5582 | D:5      | Reached XP level 8. HP: 18/41 MP: 14/19
  6462 | D:6      | Found a staircase to the Ecumenical Temple.
  6476 | D:6      | Reached skill level 5 in Alchemy
  6478 | Temple   | Entered the Ecumenical Temple
  6611 | D:6      | Reached skill level 7 in Spellcasting
  6612 | D:6      | Reached skill level 5 in Stealth
  6612 | D:6      | Reached skill level 5 in Translocations
  7443 | D:6      | Found a runed translucent door.
  7444 | D:6      | Noticed Crazy Yiuf
  7728 | D:6      | Killed Crazy Yiuf
  7842 | D:7      | Reached XP level 9. HP: 45/45 MP: 17/22
  7872 | D:7      | Identified the +3 shortbow "Annuuk" {freeze, rF++ MP-9}
  7928 | D:7      | Found an opulent altar of Gozag.
  7928 | D:7      | Found an ornate altar of the Wu Jian Council.
  7957 | D:7      | Reached skill level 5 in Dodging
  8077 | D:7      | Noticed Pikel
  8087 | D:7      | Killed Pikel
  8088 | D:7      | Reached skill level 8 in Spellcasting
  8460 | D:7      | Found an ancient bone altar of Kikubaaqudgha.
  8466 | D:7      | Found a shadowy altar of Dithmenos.
  8467 | D:7      | Found a broken altar of Ashenzari.
  8468 | D:7      | Found a burning altar of Makhleb.
  8469 | D:7      | Found a radiant altar of Vehumet.
  8641 | D:7      | Became a worshipper of Vehumet
  9220 | D:7      | Reached skill level 9 in Spellcasting
  9679 | D:8      | Reached * piety under Vehumet
  9679 | D:8      | Offered knowledge of Sting by Vehumet.
  9683 | D:8      | Reached XP level 10. HP: 43/50 MP: 5/25
  9699 | D:8      | Noticed an orange demon
 10277 | D:8      | Noticed Amaemon
 10532 | D:8      | Paralysed by Amaemon for 5 turns
 10537 | D:8      | Killed Amaemon
 10809 | D:8      | Killed an orange demon
 11486 | D:9      | Noticed a death yak
 11585 | D:9      | Noticed a death yak
 11586 | D:9      | Noticed a death yak
 11607 | D:9      | Killed a death yak
 11608 | D:9      | Reached skill level 10 in Spellcasting
 11758 | D:9      | Noticed a sun demon
 12048 | D:9      | Noticed a two-headed ogre
 12048 | D:9      | Noticed a two-headed ogre
 12055 | D:9      | Offered knowledge of Mercury Vapours by Vehumet.
 12062 | D:9      | Reached ** piety under Vehumet
 12073 | D:9      | Noticed an orange demon
 12354 | D:9      | Killed a two-headed ogre
 12355 | D:9      | Reached XP level 11. HP: 54/54 MP: 11/27
 13139 | D:9      | Learned a level 2 spell: Mercury Vapours
 13249 | D:9      | Noticed a death yak
 13249 | D:9      | Noticed a death yak
 13249 | D:9      | Noticed a death yak
 13256 | D:9      | HP: 2/54 [death yak (20)]
 13536 | D:9      | Killed a two-headed ogre
 13537 | D:9      | Reached skill level 11 in Spellcasting
 13843 | D:9      | Noticed a death yak
 13854 | D:9      | Killed a death yak
 13855 | D:9      | Reached skill level 10 in Conjurations
 14019 | D:9      | HP: 2/54 [death yak (16)]
 14019 | D:9      | Mangled by a death yak

Illustrated notes

Levels and vault maps discovered:
D:1:      dpeg_arrival_castle, layout_basic
D:2:      layout_loops_ring, kennysheep_generic_room_5
D:3:      layout_loops_ring, serial_shops, shop_statue, nicolae_square_shop,
          shop, uniq_grinder
D:4:      layout_basic, lemuel_tele_altar
D:5:      layout_gridville, hangedman_feature_mirror, uniq_blork_the_orc
D:6:      layout_basic, minmay_temple_entry_sparse_star, uniq_crazy_yiuf_cottage
D:7:      layout_cave_pods, gammafunk_temple_overflow_pools, minitemple,
          kennysheep_cross_bottleneck, amcnicky_mini_corridor_feature,
          serial_park_tiny_1, uniq_pikel
D:8:      layout_rooms, uniq_amaemon
D:9:      layout_loops_cross, dpeg_lair_monsters, enter_bailey_2,
          nicolae_phantomly_mirrored
Temple:   compressed_dpeg_triangle_lava_temple

Skill      XL: |  1  2  3  4  5  6  7  8  9 10 11 |
---------------+----------------------------------+-----
Alchemy        | 1 2 3 4 5 6 8 |  8.9
Translocations | 1 2 3 4 5 6 8 |  8.8
Stealth        | 3 4 5 6 7 |  7.8
Spellcasting   | 4 5 6 7 9 10 11 | 11.1
Dodging        | 3 4 5 6 7 |  7.2
Conjurations   | 5 6 7 8 9 10 | 10.0

Action                     |  1- 3 |  4- 6 |  7- 9 | 10-12 || total
---------------------------+-------+-------+-------+-------++-------
   Cast: Magic Dart        |    61 |    43 |    69 |    42 ||   215
         Searing Ray       |     7 |    19 |    28 |    27 ||    81
         Fulminant Prism   |       |       |    44 |    44 ||    88
         Iskenderun's Myst |       |       |    20 |    45 ||    65
         Mercury Vapours   |       |       |       |     1 ||     1
    Use: Scroll            |       |     3 |     4 |     7 ||    14
         Potion            |       |       |     1 |     1 ||     2
 Armour: Robe              |       |     8 |    27 |    34 ||    69
  Dodge: Dodged            |       |     5 |    41 |    23 ||    69
